 Dungeon Crawl Stone Soup version 0.29.1-2-gbd0b4ee654 (webtiles) character file.

Game seed: 6733043043117597644

15 Descartes the Scratcher (level 2, -3/12 HPs)
             Began as a Felid Transmuter on Nov 15, 2022.
             Slain by Terence
             ... wielding a +0 morningstar
              (13 damage)
             ... on level 2 of the Dungeon.
             The game lasted 00:01:24 (1527 turns).

Descartes the Scratcher (Felid Transmuter)          Turns: 1527, Time: 00:01:25

Health: -3/12      AC:  1    Str:  6    XL:     2   Next: 34%
Magic:  6/6        EV: 21    Int: 14    God:
Gold:   65         SH:  0    Dex: 16    Spells: 4/5 levels left
                                        Lives:  0   Deaths: 0

rFire   . . .      SeeInvis +     - Unarmed
rCold   . . .      Faith    .   (shield unavailable)
rNeg    . . .      Spirit   .   (body armour unavailable)
rPois   .          Reflect  .   (helmet unavailable)
rElec   .          Harm     .   (cloak unavailable)
rCorr   .          Rampage  .   (gloves unavailable)
Will    .....                   (boots unavailable)
Stlth   ++........              (no amulet)
HPRegen 0.04/turn               e - +4 ring of evasion
MPRegen 0.10/turn               (no ring)

@: quick
A: very small, claws 1, fangs 3, see invisible, speed 1, shaggy fur 1, stealthy
paws, no weapons or thrown items, no armour, multi-lived
a: no special abilities


You were on level 2 of the Dungeon.
You visited 1 branch of the dungeon, and saw 2 of its levels.

You collected 65 gold pieces.

Inventory:

Jewellery
 e - a +4 ring of evasion (left paw)
Scrolls
 b - a scroll of identify {unknown}
 c - a scroll of teleportation {unknown}
 f - a scroll of torment {unknown}
 g - a scroll of poison {unknown}
 i - a scroll of noise {unknown}
 l - a scroll of magic mapping {unknown}
Potions
 a - a potion of lignification
 d - a potion of heal wounds {unknown}
 h - a potion of magic {unknown}
 j - a potion of flight {unknown}
 k - a potion of might {unknown}


   Skills:
 - Level 1.0 Fighting
 * Level 3.1 Dodging
 * Level 1.5 Stealth
 * Level 3.2 Unarmed Combat
 + Level 2.1 Spellcasting
 + Level 2.3 Transmutations


You had 4 spell levels left.
You knew the following spells:

 Your Spells              Type           Power      Damage    Failure   Level
a - Beastly Appendage     Tmut           14%        N/A       9%          1

Your spell library contained the following spells:

 Spells                   Type           Power      Damage    Failure   Level
 Wereblood                Tmut           7%         N/A       14%         2
 Spider Form              Tmut/Pois      4%         N/A       41%         3
 Ice Form                 Ice/Tmut       4%         N/A       82%         4


Dungeon Overview and Level Annotations

Branches:
Dungeon (2/15)

Altars:

Annotations:
D:2 Natasha, Terence


Innate Abilities, Weirdness & Mutations

You have sharp claws.
You have razor-sharp teeth.
You have supernaturally acute eyesight. (SInv)
You cover ground quickly. (Speed+)
You are covered in fur. (AC +1)
Your paws help you pounce on unaware monsters.
You are incapable of wielding weapons or throwing items.
You cannot wear armour.
You gain extra lives every three experience levels.


Message History

You are too injured to fight recklessly!
You are too injured to fight recklessly!
You are too injured to fight recklessly!
You are too injured to fight recklessly!
You are too injured to fight recklessly!
You are too injured to fight recklessly!
You are too injured to fight recklessly!
You are too injured to fight recklessly!
You are too injured to fight recklessly!
You are too injured to fight recklessly!
You are too injured to fight recklessly!
You are too injured to fight recklessly!
You are too injured to fight recklessly!
There is a stone staircase leading up here.
You climb upwards.
There is a stone staircase leading down here.
HP restored.
Done exploring.
There is a stone staircase leading down here.
You climb downwards.
There is a stone staircase leading up here.
Found a stone staircase leading down.
Found an escape hatch in the ceiling.
You now have 65 gold pieces (gained 18).
l - a scroll labelled LECUMU EPPI Terence the Incautious comes into view.
He is wielding a +0 morningstar.
Natasha, Servant of Life and Death comes into view.
Natasha hisses angrily.
Terence shouts!
A bat comes into view.
The bat misses you. Natasha misses you.
An endoplasm comes into view.
A kobold comes into view. It is wielding a +0 dagger.
The bat barely misses you.
You closely miss Natasha. The bat misses you. Natasha closely misses you.
You scratch Natasha. Your bite misses Natasha.
Natasha is moderately wounded.
The bat barely misses you. Natasha claws you.
Terence hits you with a +0 morningstar!
Ouch! That really hurt!
You die...

#######...# ....
#.... ##...#
....##... ##....#
........ ###<..#.#
#...... #####...#.#.#
#.....# #.........#.#
#...b.###.....#####.#
#.....##...####
#...h@....#####
.J..#..@.........# .
#.............
#............#
.........#######
...K.....#
....###.### . ....
... . .. #.


You could see Terence, Natasha, an endoplasm, a bat and a kobold.

Vanquished Creatures
  A worm (D:2)
  A dart slug (D:1)
  3 ball pythons
  An endoplasm (D:1)
  A giant cockroach (D:1)
  2 goblins
9 creatures vanquished.

Notes
Turn   | Place    | Note
-------+----------+-------------------------------------------
     0 | D:1      | Descartes the Felid Transmuter began the quest for the Orb.
     0 | D:1      | Reached XP level 1. HP: 9/9 MP: 4/4
   424 | D:1      | Reached skill level 1 in Stealth
   590 | D:1      | Found a faded altar of an unknown god.
   669 | D:1      | Reached XP level 2. HP: 12/12 MP: 6/6
  1520 | D:2      | Noticed Terence
  1522 | D:2      | Noticed Natasha
  1527 | D:2      | Slain by Terence

Illustrated notes

Levels and vault maps discovered:
D:1:      elethiomel_arrival_shortcut, layout_basic,
          shapermc_ecumenical_altar_mp_vishouse
D:2:      minmay_evil_eye, layout_basic, uniq_natasha, uniq_terence

Skill      XL: |  1 |
---------------+----+-----
Stealth        | 1 |  1.5
Dodging        | 3 |  3.1
Fighting       | |  1.0
Unarmed Combat | |  3.2
Spellcasting   | |  2.1
Transmutations | |  2.3

Action                   || total
-------------------------++-------
Melee: Unarmed           ||    25
       Bite              ||     3
 Stab: Sleeping          ||     2
Dodge: Dodged            ||    27
